 Dungeon Crawl Stone Soup version 0.29-a0-96-g93358da72b (webtiles) character file.

Game seed: 658125551903416395

87 Klosterheim the Chopper (level 4, -1/42 HPs)
             Began as a Naga Warper on Feb 11, 2022.
             Slain by an adder (5 damage)
             ... on level 2 of the Dungeon.
             The game lasted 00:03:35 (2974 turns).

Klosterheim the Chopper (Naga Warper)               Turns: 2974, Time: 00:03:36

Health: -1/42      AC:  2    Str: 13    XL:     4   Next: 51%
Magic:  7/7        EV:  9    Int: 15    God:
Gold:   45         SH:  0    Dex: 11    Spells: 7/7 levels left

rFire   . . .      SeeInvis +   a - +0 hand axe
rCold   . . .      Faith    .   (no shield)
rNeg    . . .      Spirit   .   b - +0 leather armour
rPois   +          Reflect  .   (no helmet)
rElec   .          Harm     .   (no cloak)
rCorr   .          Rampage  .   (no gloves)
Will    .....                   (no barding)
Stlth   +.........              (no amulet)
HPRegen 0.14/turn               (no ring)
MPRegen 0.10/turn               (no ring)

@: very slow
A: AC +1, large, see invisible, deformed body, poison resistance, slowness 2,
spit poison 1, naga tail 1
a: Spit Poison


You were on level 2 of the Dungeon.
You visited 1 branch of the dungeon, and saw 3 of its levels.

You collected 45 gold pieces.

Inventory:

Hand Weapons
 a - a +0 hand axe (weapon)
Armour
 b - a +0 leather armour (worn)


   Skills:
 - Level 3.0 Fighting
 * Level 3.6 Axes
 - Level 1.0 Throwing
 - Level 1.0 Armour
 - Level 2.0 Dodging
 - Level 2.0 Spellcasting
 - Level 3.0 Translocations


You had 7 spell levels left.
You didn't know any spells.
Your spell library contained the following spells:

 Spells                   Type           Power      Damage    Failure   Level
 Apportation              Tloc           20%        N/A       9%          1
 Blink                    Tloc           20%        N/A       12%         2
 Gell's Gravitas          Tloc           10%        N/A       24%         3
 Lesser Beckoning         Tloc           10%        N/A       24%         3
 Teleport Other           Tloc           10%        N/A       24%         3
 Animate Skeleton         Necr           2%         N/A       28%         1
 Magic Dart               Conj           4%         1d3       28%         1
 Summon Small Mammal      Summ           4%         N/A       28%         1
 Call Imp                 Summ           1%         N/A       38%         2
 Mephitic Cloud           Conj/Pois/Air  1%         N/A       63%         3
 Manifold Assault         Tloc           10%        N/A       92%         5


Dungeon Overview and Level Annotations

Branches:
Dungeon (3/15)

Altars:

Shops:
D:2 (


Innate Abilities, Weirdness & Mutations

Your serpentine skin is tough. (AC +1)
You have supernaturally acute eyesight. (SInv)
Armour fits poorly on your strangely shaped body.
Your system is resistant to poisons. (rPois)
You cover ground very slowly.
You can spit poison.
You have a snake-like lower body.


Message History

You feel sick.
You are no longer poisoned.
The adder bites you but does no damage. The adder closely misses you.
The adder closely misses you. The adder closely misses you.
The adder bites you but does no damage. The adder barely misses you.
The adder barely misses you. The adder bites you but does no damage.
You flicker for a moment.
The adder closely misses you. The adder bites you. The adder barely misses you.
The adder barely misses you.
You flicker back into view.
The adder bites you.
* * * LOW HITPOINT WARNING * * *
The adder bites you.
* * * LOW HITPOINT WARNING * * *
Blink to where?
Press: ? - help, Dir - move target, f - you, p - adder
Okay, then.
The adder closely misses you.
Blink to where?
Press: ? - help, Dir - move target, p - adder
As you read the scroll of blinking, it crumbles to dust.
The adder barely misses you. The adder bites you.
* * * LOW HITPOINT WARNING * * *
The adder bites you.
* * * LOW HITPOINT WARNING * * *
The adder bites you but does no damage. The adder bites you.
* * * LOW HITPOINT WARNING * * *
The adder misses you.
You aren't carrying any potions.
You aren't carrying any potions.
The adder bites you.
You die...

#.# #.####.#
#.#######
##########.#
#......# #.#.....#
...........#
##########.#.###.#
############
#..............#.#
#.########.#.#.#.#
#.# #.#...#.# #g#
#.#####.# #S# #.#
#.# #@# #.# #.#
#.# #.#####.# #.#
#.......# #<#
#.####### ### ###


You could see a gnoll and an adder.

Vanquished Creatures
  Jessica (D:2)
  An adder (D:2)
  4 dart slugs
  2 bats
  5 endoplasms (D:1)
  2 giant cockroaches
  4 goblins
  3 hobgoblins (D:1)
  3 quokkas (D:1)
  5 ball pythons
  4 frilled lizards
  7 kobolds
  2 rats (D:1)
43 creatures vanquished.

Notes
Turn   | Place    | Note
-------+----------+-------------------------------------------
     0 | D:1      | Klosterheim the Naga Warper began the quest for the Orb.
     0 | D:1      | Reached XP level 1. HP: 19/19 MP: 3/3
    95 | D:1      | Found a faded altar of an unknown god.
   464 | D:1      | Reached skill level 1 in Throwing
   572 | D:1      | Reached XP level 2. HP: 15/26 MP: 5/5
   786 | D:1      | Reached skill level 1 in Armour
  1308 | D:1      | Reached XP level 3. HP: 32/33 MP: 6/6
  2080 | D:2      | Noticed Jessica
  2088 | D:2      | Found Mabacus's Antique Weapon Boutique.
  2110 | D:2      | Killed Jessica
  2111 | D:2      | Reached XP level 4. HP: 36/42 MP: 7/7
  2974 | D:2      | Slain by an adder

Illustrated notes

Levels and vault maps discovered:
D:1:      dpeg_arrival_connections, layout_basic,
          ebering_ecumenical_altar_petrified
D:2:      layout_basic, serial_shops, shop, hangedman_decor_slide_cut,
          uniq_jessica
D:3:      layout_rooms, lemuel_tele_altar, minmay_puff

Skill      XL: |  1  2  3 |
---------------+----------+-----
Throwing       | 1 |  1.0
Armour         | 1 |  1.0
Fighting       | 3 |  3.0
Axes           | 3 |  3.6
Dodging        | 2 |  2.0
Spellcasting   | |  2.0
Translocations | |  3.0

Action                   |  1- 3 |  4- 6 || total
-------------------------+-------+-------++-------
Melee: Hand axe          |    90 |    29 ||   119
Throw: Boomerang         |     2 |     3 ||     5
 Abil: Spit Poison       |       |     1 ||     1
  Use: Scroll            |       |     2 ||     2
       Potion            |       |     2 ||     2
Armor: Leather armour    |    17 |    11 ||    28
Dodge: Dodged            |    54 |    36 ||    90

Table legend: (Time is in decaauts)
 A = Elapsed time spent in this place.
 B = Non-inter-level travel time spent in this place.
 C = Inter-level travel time spent in this place.
 D = Time resting spent in this place.
 E = Time spent auto-exploring this place.
 F = Levels seen in this place.
 G = Mean time per level.
                   A        B        C        D        E       F      G
               +--------+--------+--------+--------+--------+-----+--------+
         Total |   3638 |   3546 |     92 |    608 |   2559 |   3 | 1212.7 |
       Dungeon |   3638 |   3546 |     92 |    608 |   2559 |   3 | 1212.7 |
               +--------+--------+--------+--------+--------+-----+--------+

Top non-repeatable levels by time:
     D:1: 2432 daAuts
     D:2: 1196 daAuts
     D:3: 9 daAuts
